LOS ANGELES vs VEGAS

Created - June 5, 2021 at 09:27

Goals
1 2 3 T
LOS ANGELES 1 1 3 5
VEGAS 1 0 2 3
Shots
1 2 3 T
LOS ANGELES 15 17 15 47
VEGAS 8 2 11 21

1st period

1. LOS ANGELES , Mika Zibanejad 43 (Tyler Seguin 39, Matthew Tkachuk 34) at 14:37 (PP)
2. VEGAS , Noah Hanifin 12 (Sam Reinhart 49, Jake Muzzin 21) at 16:42

Penalties :
Matt Luff (VGK) for Hooking (Minor) at 2:45, Josh Anderson (VGK) for Hooking (Minor) at 6:24, Matthew Tkachuk (LOS) for High sticking (Minor) at 7:48, Slater Koekkoek (VGK) for Hooking (Minor) at 13:34

2nd period

3. LOS ANGELES , Zdeno Chara 12 (Alex Goligoski 33) at 15:47

Penalties :
Nikita Zadorov (VGK) for Hooking (Minor) at 12:56, Zdeno Chara (LOS) for Tripping (Minor) at 17:57

3rd period

4. LOS ANGELES , Jonathan Toews 32 (Zdeno Chara 25, Mike Hoffman 29) at 1:01
5. VEGAS , Cody Glass 3 (Morgan Frost 3) at 6:36
6. VEGAS , Vladimir Tarasenko 19 (Sam Reinhart 50) at 12:08
7. LOS ANGELES , Nick Bonino 22 (Ryan McDonagh 29, Kris Letang 50) at 15:31 (PP)
8. LOS ANGELES , Mika Zibanejad 44 (Johnny Boychuk 18, Tyler Seguin 40) at 17:03

Penalties :
Slater Koekkoek (VGK) for Roughing (Minor) at 7:31, Slater Koekkoek (VGK) for Tripping (Minor) at 14:41

Goalie Stats

Jaroslav Halak (LOS), 18 saves from 21 shots - (0.857), W, 2-2-1, 60:00 minutes
Tristan Jarry (VGK), 42 saves from 47 shots - (0.894), L, 6-6-0, 60:00 minutes

Players Stats for LOS ANGELES

Player Name              G  A  P  +/- PIM S  H  SB GA TA FO     MP     PP MP  PK MP  
------------------------------------------------------------------------------------
Alex Goligoski           0  1  1   1  0   1  0  0  0  0  0/0    20:45   4:07   1:41 
Artem Anisimov           0  0  0  -1  0   1  0  0  0  0  1/2    11:28   0:00   0:00 
Gabriel Bourque          0  0  0   0  0   1  1  0  0  0  0/0     4:33   0:00   0:00 
Johnny Boychuk           0  1  1   1  0   1  1  1  0  0  0/0    11:56   0:00   0:00 
Jonathan Toews           1  0  1   2  0   5  5  0  0  0  15/22  20:50   3:51   1:58 
Josh Manson              0  0  0   1  0   1  1  1  0  0  0/0    12:54   0:00   0:58 
Kris Letang              0  1  1  -2  0   5  5  0  0  0  0/0    27:19   5:07   1:42 
Matthew Tkachuk          0  1  1  -1  2   1  1  0  0  0  1/1    21:43   5:22   0:00 
Mika Zibanejad           2  0  2  -1  0   9  0  1  0  0  22/39  24:32   5:23   2:13 
Mike Hoffman             0  1  1   2  0   3  0  0  0  0  2/2    19:27   3:51   1:10 
Nick Bonino              1  0  1   2  0   5  1  2  0  0  2/4    18:17   3:51   0:00 
Nick Cousins             0  0  0   0  0   1  1  0  0  0  0/0     4:48   0:00   0:15 
Riley Nash               0  0  0   0  0   1  0  0  0  0  5/5     4:33   0:00   0:00 
Ryan McDonagh            0  1  1  -2  0   2  1  0  0  0  0/0    24:19   5:07   1:42 
Tim Heed                 0  0  0   0  0   1  0  0  0  0  0/0     3:00   0:00   0:00 
Travis Zajac             0  0  0  -1  0   0  1  0  0  0  9/14   11:28   0:00   0:00 
Tyler Seguin             0  2  2  -1  0   4  2  0  0  0  0/2    22:54   5:23   1:10 
Vladislav Namestnikov    0  0  0  -1  0   1  4  0  0  0  0/0    11:28   0:00   0:00 
Zdeno Chara              1  1  2   1  2   4  0  0  0  0  0/0    19:46   4:07   0:43 

Players Stats for VEGAS

Player Name              G  A  P  +/- PIM S  H  SB GA TA FO     MP     PP MP  PK MP  
------------------------------------------------------------------------------------
Braydon Coburn           0  0  0   0  0   0  1  3  0  0  0/0    14:27   0:00   0:42 
Cody Glass               1  0  1   1  0   2  0  0  0  0  9/18   13:19   0:00   0:00 
Colin Wilson             0  0  0  -1  0   1  0  0  0  0  0/0     5:28   0:00   0:00 
Devon Toews              0  0  0  -1  0   1  0  3  0  0  0/0    21:49   1:33   4:43 
Jake Muzzin              0  1  1   1  0   2  2  2  0  0  0/0    24:22   1:50   4:27 
Jayce Hawryluk           0  0  0  -1  0   0  0  0  0  0  1/4     5:32   0:00   0:04 
Jonathan Marchessault    0  0  0  -2  0   1  1  0  0  0  10/24  15:51   1:33   1:45 
Josh Anderson            0  0  0  -2  2   1  0  0  0  0  0/1    18:58   1:33   4:53 
Matt Luff                0  0  0  -1  2   0  1  0  0  0  0/0     5:27   0:00   0:00 
Max Comtois              0  0  0   1  0   0  2  0  0  0  1/2    14:12   0:00   1:28 
Morgan Frost             0  1  1   1  0   2  0  0  0  0  0/0    12:44   0:00   0:00 
Nikita Zadorov           0  0  0  -1  2   0  7  1  0  0  0/0    20:25   1:33   3:20 
Noah Hanifin             1  0  1   1  0   1  0  1  0  0  0/0    24:22   1:50   4:27 
Oliver Bjorkstrand       0  0  0   2  0   1  2  0  0  0  1/2    21:38   1:50   3:45 
Ondrej Kase              0  0  0  -2  0   2  1  1  0  0  0/2    14:06   1:33   0:00 
Sam Reinhart             0  2  2   2  0   4  2  0  0  0  10/35  24:30   1:50   6:37 
Slater Koekkoek          0  0  0   0  6   0  2  0  0  0  0/0    14:27   0:00   0:45 
Vladimir Tarasenko       1  0  1   2  0   3  1  0  0  0  2/3    18:28   1:50   0:00 

3 Stars

1 - Jonathan Toews (LOS)
2 - Mika Zibanejad (LOS)
3 - Nick Bonino (LOS)

Power Play

LOS ANGELES - 2 on 6 Attempt(s) - 33.33%
VEGAS - 0 on 2 Attempt(s) - 0.00%

Penalty Kill

LOS ANGELES - 2 on 2 Attempt(s) - 100.00% - Score 0 goal in Penalty Kill
VEGAS - 4 on 6 Attempt(s) - 66.67% - Score 0 goal in Penalty Kill

Team Stat

LOS ANGELES - Hits : 24 - Faceoff Wins : 57 - Blocked Shots : 5 - Penalty Minutes : 4
VEGAS - Hits : 22 - Faceoff Wins : 34 - Blocked Shots : 11 - Penalty Minutes : 12

Official

Referees : Steven Jakobson and Matthew Tanti
Linesman : Matt MacPherson and Kyle Flemington

Game Notes

No Game Note

Finance

Level 1 -- Attendance: 4481 (74.68%) -- Ticket Income $448,100
Level 2 -- Attendance: 4184 (83.68%) -- Ticket Income $251,040
Level 3 -- Attendance: 2000 (100.00%) -- Ticket Income $70,000
Level 4 -- Attendance: 2581 (64.53%) -- Ticket Income $64,525
Luxury Box -- Attendance: 711 (71.10%) -- Ticket Income $142,200
Game was played at the T-Mobile Arena.
Total Attendance: 13957 (77.54%)
Total Ticket Income: $975,865
Total Income: $975,865

LOS ANGELES

5 vs 5 Forward 
   Center                   Left Wing                Right Wing               Time % Phy DF OF 
 1 Mika Zibanejad           Tyler Seguin             Matthew Tkachuk          35     1   2  2  
 2 Jonathan Toews           Nick Bonino              Mike Hoffman             30     1   2  2  
 3 Travis Zajac             Vladislav Namestnikov    Artem Anisimov           25     1   2  2  
 4 Riley Nash               Nick Cousins             Gabriel Bourque          10     1   2  2  

5 vs 5 Defense 
   Defense                  Defense                                           Time % Phy DF OF 
 1 Kris Letang              Ryan McDonagh                                     35     1   2  2  
 2 Zdeno Chara              Alex Goligoski                                    30     1   2  2  
 3 Johnny Boychuk           Josh Manson                                       25     1   2  2  
 4 Tim Heed                 Kris Letang                                       10     1   2  2  

PowerPlay Forward 
   Center                   Left Wing                Right Wing               Time % Phy DF OF 
 1 Mika Zibanejad           Tyler Seguin             Matthew Tkachuk          60     1   2  2  
 2 Jonathan Toews           Nick Bonino              Mike Hoffman             40     1   2  2  

PowerPlay Defense
   Defense                  Defense                                           Time % Phy DF OF 
 1 Kris Letang              Ryan McDonagh                                     60     1   2  2  
 2 Zdeno Chara              Alex Goligoski                                    40     1   2  2  

Penalty Kill 4 Players Forward 
   Center                   Wing                     Time % Phy DF OF 
 1 Mika Zibanejad           Jonathan Toews           60     1   2  2  
 2 Tyler Seguin             Mike Hoffman             40     1   2  2  

Penalty Kill 4 Players Defense
   Defense                  Defense                  Time % Phy DF OF 
 1 Kris Letang              Ryan McDonagh            60     1   2  2  
 2 Zdeno Chara              Alex Goligoski           40     1   2  2  

Penalty Kill - 3 Players Forward 
   Forward                                           Time % Phy DF OF 
 1 Mika Zibanejad                                    60     1   2  2  
 2 Jonathan Toews                                    40     1   2  2  

Penalty Kill - 3 Players Defense
   Defense                  Defense                  Time % Phy DF OF 
 1 Kris Letang              Ryan McDonagh            60     1   2  2  
 2 Zdeno Chara              Alex Goligoski           40     1   2  2  

4 vs 4 Forward 
   Center                   Wing                     Time % Phy DF OF 
 1 Mika Zibanejad           Jonathan Toews           60     1   2  2  
 2 Tyler Seguin             Matthew Tkachuk          40     1   2  2  

4 vs 4 Defense
   Defense                  Defense                  Time % Phy DF OF 
 1 Kris Letang              Ryan McDonagh            60     1   2  2  
 2 Zdeno Chara              Alex Goligoski           40     1   2  2  

Last Minutes Offensive
   Center                   Left Wing                Right Wing               Defense                  Defense                  
   Mika Zibanejad           Tyler Seguin             Mike Hoffman             Kris Letang              Ryan McDonagh            

Last Minutes Defensive
   Center                   Left Wing                Right Wing               Defense                  Defense                  
   Mika Zibanejad           Tyler Seguin             Mike Hoffman             Kris Letang              Ryan McDonagh            

Goaltenders
Starting : Jaroslav Halak           
Backup : Devin Williams           

Extra Forwards
Normal : Vladislav Namestnikov, Artem Anisimov, Nick Cousins - PP : Vladislav Namestnikov, Artem Anisimov - PK : Nick Cousins
Extra Defensemen
Normal : Johnny Boychuk, Josh Manson, Tim Heed - PP : Johnny Boychuk - PK : Josh Manson, Tim Heed
Penalty Shots
Mika Zibanejad, Jonathan Toews, Tyler Seguin, Mike Hoffman, Nick Bonino

Scratches
Valentin Zykov (Healthy), Antti Raanta (Suspend)

VEGAS

5 vs 5 Forward 
   Center                   Left Wing                Right Wing               Time % Phy DF OF 
 1 Sam Reinhart             Oliver Bjorkstrand       Vladimir Tarasenko       35     1   2  2  
 2 Jonathan Marchessault    Ondrej Kase              Josh Anderson            30     1   2  2  
 3 Cody Glass               Max Comtois              Morgan Frost             25     1   2  2  
 4 Jayce Hawryluk           Colin Wilson             Matt Luff                10     1   2  2  

5 vs 5 Defense 
   Defense                  Defense                                           Time % Phy DF OF 
 1 Jake Muzzin              Noah Hanifin                                      35     1   2  2  
 2 Nikita Zadorov           Devon Toews                                       30     1   2  2  
 3 Braydon Coburn           Slater Koekkoek                                   25     1   2  2  
 4 Jake Muzzin              Noah Hanifin                                      10     1   2  2  

PowerPlay Forward 
   Center                   Left Wing                Right Wing               Time % Phy DF OF 
 1 Sam Reinhart             Oliver Bjorkstrand       Vladimir Tarasenko       60     1   2  2  
 2 Jonathan Marchessault    Josh Anderson            Ondrej Kase              40     1   2  2  

PowerPlay Defense
   Defense                  Defense                                           Time % Phy DF OF 
 1 Jake Muzzin              Noah Hanifin                                      60     1   2  2  
 2 Nikita Zadorov           Devon Toews                                       40     1   2  2  

Penalty Kill 4 Players Forward 
   Center                   Wing                     Time % Phy DF OF 
 1 Sam Reinhart             Josh Anderson            60     1   2  2  
 2 Jonathan Marchessault    Oliver Bjorkstrand       40     1   2  2  

Penalty Kill 4 Players Defense
   Defense                  Defense                  Time % Phy DF OF 
 1 Jake Muzzin              Noah Hanifin             60     1   2  2  
 2 Nikita Zadorov           Devon Toews              40     1   2  2  

Penalty Kill - 3 Players Forward 
   Forward                                           Time % Phy DF OF 
 1 Jonathan Marchessault                             60     1   2  2  
 2 Sam Reinhart                                      40     1   2  2  

Penalty Kill - 3 Players Defense
   Defense                  Defense                  Time % Phy DF OF 
 1 Jake Muzzin              Noah Hanifin             60     1   2  2  
 2 Nikita Zadorov           Devon Toews              40     1   2  2  

4 vs 4 Forward 
   Center                   Wing                     Time % Phy DF OF 
 1 Vladimir Tarasenko       Sam Reinhart             60     1   2  2  
 2 Jonathan Marchessault    Oliver Bjorkstrand       40     1   2  2  

4 vs 4 Defense
   Defense                  Defense                  Time % Phy DF OF 
 1 Jake Muzzin              Noah Hanifin             60     1   2  2  
 2 Nikita Zadorov           Devon Toews              40     1   2  2  

Last Minutes Offensive
   Center                   Left Wing                Right Wing               Defense                  Defense                  
   Sam Reinhart             Oliver Bjorkstrand       Vladimir Tarasenko       Jake Muzzin              Noah Hanifin             

Last Minutes Defensive
   Center                   Left Wing                Right Wing               Defense                  Defense                  
   Jonathan Marchessault    Oliver Bjorkstrand       Josh Anderson            Jake Muzzin              Noah Hanifin             

Goaltenders
Starting : Tristan Jarry            
Backup : Braden Holtby            

Extra Forwards
Normal : Max Comtois, Cody Glass, Colin Wilson - PP : Cody Glass, Max Comtois - PK : Max Comtois
Extra Defensemen
Normal : Braydon Coburn, Slater Koekkoek, Nikita Zadorov - PP : Braydon Coburn - PK : Slater Koekkoek, Nikita Zadorov
Penalty Shots
Vladimir Tarasenko, Sam Reinhart, Jonathan Marchessault, Oliver Bjorkstrand, Josh Anderson

Scratches
VGK Cap Hit (Suspend)

% Time on Ice - LOS ANGELES

Lines # - Real PCT - Wanted PCT - Time Play
Normal Forward
1 - 35% - 35% - 16:21
2 - 31% - 30% - 14:26
3 - 25% - 25% - 11:28
4 - 10% - 10% - 4:33
Normal Defense
1 - 36% - 35% - 16:55
2 - 32% - 30% - 14:57
3 - 25% - 25% - 11:56
4 - 6% - 10% - 3:00
PP Forward
1 - 58% - 60% - 5:23
2 - 42% - 40% - 3:51
PP Defense
1 - 55% - 60% - 5:07
2 - 45% - 40% - 4:07
PK Forward
1 - 66% - 60% - 2:13
2 - 34% - 40% - 1:10
PK Defense
1 - 50% - 60% - 1:42
2 - 50% - 40% - 1:41
PK3 Forward
1 - 0% - 60%
2 - 0% - 40%
PK3 Defense
1 - 0% - 60%
2 - 0% - 40%
44 Forward
1 - 100% - 60% - 0:35
2 - 0% - 40% - 0:00
44 Defense
1 - 100% - 60% - 0:35
2 - 0% - 40% - 0:00
Last Minute Offensive  - 0:00
Last Minute Defensive  - 0:00
Total
Forward - 60:00
Defense - 60:00

% Time on Ice - VEGAS

Lines # - Real PCT - Wanted PCT - Time Play
Normal Forward
1 - 34% - 35% - 16:03
2 - 27% - 30% - 12:33
3 - 27% - 25% - 12:44
4 - 12% - 10% - 5:28
Normal Defense
1 - 33% - 35% - 15:39
2 - 33% - 30% - 15:33
3 - 29% - 25% - 13:45
4 - 4% - 10% - 1:51
PP Forward
1 - 54% - 60% - 1:50
2 - 46% - 40% - 1:33
PP Defense
1 - 54% - 60% - 1:50
2 - 46% - 40% - 1:33
PK Forward
1 - 73% - 60% - 6:47
2 - 27% - 40% - 2:27
PK Defense
1 - 56% - 60% - 5:09
2 - 44% - 40% - 4:05
PK3 Forward
1 - 0% - 60%
2 - 0% - 40%
PK3 Defense
1 - 0% - 60%
2 - 0% - 40%
44 Forward
1 - 100% - 60% - 0:35
2 - 0% - 40% - 0:00
44 Defense
1 - 100% - 60% - 0:35
2 - 0% - 40% - 0:00
Last Minute Offensive  - 0:00
Last Minute Defensive  - 0:00
Total
Forward - 60:00
Defense - 60:00

Play-by-Play

1st period


0:01 of 1st period - Mika Zibanejad wins face-off versus Sam Reinhart in neutral zone.
0:39 of 1st period - Shot by Mika Zibanejad.
0:39 of 1st period - Shot Misses the Net.
1:00 of 1st period - Nick Bonino is hit by Nikita Zadorov and loses puck.
1:29 of 1st period - Shot by Ondrej Kase.
1:29 of 1st period - Deflect By Jonathan Marchessault.
1:29 of 1st period - Stopped by Jaroslav Halak without a rebound.
1:30 of 1st period - Cody Glass wins face-off versus Travis Zajac in LOS ANGELES zone.
1:37 of 1st period - Shot by Cody Glass.
1:37 of 1st period - Stopped by Jaroslav Halak without a rebound.
1:38 of 1st period - Travis Zajac wins face-off versus Cody Glass in LOS ANGELES zone.
2:07 of 1st period - Shot by Artem Anisimov.
2:07 of 1st period - Shot Misses the Net.
2:43 of 1st period - Riley Nash is hit by Matt Luff and loses puck.
2:45 of 1st period - Minor Penalty to Matt Luff for Hooking.
2:46 of 1st period - Mika Zibanejad wins face-off versus Sam Reinhart in VEGAS zone.
3:11 of 1st period - Shot by Kris Letang.
3:11 of 1st period - Stopped by Tristan Jarry without a rebound.
3:12 of 1st period - Nick Bonino wins face-off versus Jonathan Marchessault in VEGAS zone.
3:15 of 1st period - Shot by Jonathan Toews.
3:15 of 1st period - Stopped by Tristan Jarry without a rebound.
3:16 of 1st period - Jonathan Toews wins face-off versus Sam Reinhart in VEGAS zone.
3:45 of 1st period - Shot by Mike Hoffman.
3:45 of 1st period - Stopped by Tristan Jarry without a rebound.
3:46 of 1st period - Sam Reinhart wins face-off versus Mika Zibanejad in VEGAS zone.
4:05 of 1st period - Shot by Kris Letang.
4:05 of 1st period - Shot Misses the Net.
4:11 of 1st period - Shot by Mika Zibanejad.
4:11 of 1st period - Stopped by Tristan Jarry with a rebound.
4:13 of 1st period - Shot by Kris Letang.
4:13 of 1st period - Stopped by Tristan Jarry with a rebound.
5:14 of 1st period - Cody Glass is hit by Josh Manson and loses puck.
5:23 of 1st period - Shot by Riley Nash.
5:23 of 1st period - Shot Misses the Net.
5:43 of 1st period - Shot by Jonathan Toews.
5:43 of 1st period - Shot Misses the Net.
6:18 of 1st period - Off-side.
6:19 of 1st period - Jonathan Marchessault wins face-off versus Mika Zibanejad in neutral zone.
6:24 of 1st period - Minor Penalty to Josh Anderson for Hooking.
6:25 of 1st period - Sam Reinhart wins face-off versus Mika Zibanejad in VEGAS zone.
6:46 of 1st period - Shot by Kris Letang.
6:46 of 1st period - Stopped by Tristan Jarry with a rebound.
6:48 of 1st period - Shot by Kris Letang.
6:48 of 1st period - Shot Blocked by Noah Hanifin.
7:06 of 1st period - Shot by Kris Letang.
7:06 of 1st period - Stopped by Tristan Jarry without a rebound.
7:07 of 1st period - Jonathan Toews wins face-off versus Sam Reinhart in VEGAS zone.
7:14 of 1st period - Shot by Alex Goligoski.
7:14 of 1st period - Shot Blocked by Devon Toews.
7:16 of 1st period - Shot by Zdeno Chara.
7:16 of 1st period - Shot Misses the Net.
7:45 of 1st period - Shot by Jonathan Toews.
7:45 of 1st period - Stopped by Tristan Jarry without a rebound.
7:46 of 1st period - Mika Zibanejad wins face-off versus Jonathan Marchessault in VEGAS zone.
7:48 of 1st period - Minor Penalty to Matthew Tkachuk for High sticking.
7:49 of 1st period - Mika Zibanejad wins face-off versus Cody Glass in LOS ANGELES zone.
8:02 of 1st period - Shot by Vladimir Tarasenko.
8:02 of 1st period - Shot Blocked by Mika Zibanejad.
8:12 of 1st period - Shot by Vladimir Tarasenko.
8:12 of 1st period - Shot Misses the Net.
8:20 of 1st period - Jake Muzzin is hit by Jonathan Toews and loses puck.
8:27 of 1st period - Shot by Mika Zibanejad.
8:27 of 1st period - Stopped by Tristan Jarry with a rebound.
9:02 of 1st period - Shot by Tyler Seguin.
9:02 of 1st period - Shot Misses the Net.
9:04 of 1st period - Shot by Mike Hoffman.
9:04 of 1st period - Stopped by Tristan Jarry without a rebound.
9:05 of 1st period - Sam Reinhart wins face-off versus Mika Zibanejad in VEGAS zone.
9:05 of 1st period - Sam Reinhart is hit by Jonathan Toews.
9:19 of 1st period - Icing by Oliver Bjorkstrand.
9:20 of 1st period - Mika Zibanejad wins face-off versus Sam Reinhart in VEGAS zone.
9:33 of 1st period - Shot by Vladimir Tarasenko.
9:33 of 1st period - Deflect By Sam Reinhart.
9:33 of 1st period - Stopped by Jaroslav Halak with a rebound.
9:35 of 1st period - Shot by Jake Muzzin.
9:35 of 1st period - Shot Misses the Net.
9:50 of 1st period - Slater Koekkoek is hit by Johnny Boychuk and loses puck.
9:53 of 1st period - Shot by Jayce Hawryluk.
9:53 of 1st period - Shot Blocked by Josh Manson.
10:41 of 1st period - Shot by Nick Cousins.
10:41 of 1st period - Stopped by Tristan Jarry without a rebound.
10:42 of 1st period - Riley Nash wins face-off versus Jonathan Marchessault in VEGAS zone.
10:49 of 1st period - Shot by Riley Nash.
10:49 of 1st period - Stopped by Tristan Jarry without a rebound.
10:50 of 1st period - Mika Zibanejad wins face-off versus Jonathan Marchessault in VEGAS zone.
11:42 of 1st period - Icing by Noah Hanifin.
11:43 of 1st period - Jonathan Toews wins face-off versus Jonathan Marchessault in VEGAS zone.
13:34 of 1st period - Minor Penalty to Slater Koekkoek for Hooking.
13:35 of 1st period - Sam Reinhart wins face-off versus Nick Bonino in VEGAS zone.
13:50 of 1st period - Nikita Zadorov is hit by Jonathan Toews and loses puck.
13:55 of 1st period - Shot by Mike Hoffman.
13:55 of 1st period - Stopped by Tristan Jarry without a rebound.
13:56 of 1st period - Max Comtois wins face-off versus Mika Zibanejad in VEGAS zone.
14:37 of 1st period - Shot by Mika Zibanejad.
14:37 of 1st period - Goal by Mika Zibanejad - LOS ANGELES : 1 - VEGAS : 0.
14:38 of 1st period - Cody Glass wins face-off versus Jonathan Toews in neutral zone.
15:05 of 1st period - Shot by Jake Muzzin.
15:05 of 1st period - Stopped by Jaroslav Halak without a rebound.
15:06 of 1st period - Travis Zajac wins face-off versus Jayce Hawryluk in LOS ANGELES zone.
15:30 of 1st period - Shot by Vladislav Namestnikov.
15:30 of 1st period - Shot Misses the Net.
15:36 of 1st period - Shot by Artem Anisimov.
15:36 of 1st period - Stopped by Tristan Jarry without a rebound.
15:37 of 1st period - Mika Zibanejad wins face-off versus Jonathan Marchessault in VEGAS zone.
16:04 of 1st period - Icing by Ryan McDonagh.
16:05 of 1st period - Mika Zibanejad wins face-off versus Sam Reinhart in LOS ANGELES zone.
16:09 of 1st period - Matthew Tkachuk is hit by Jake Muzzin and loses puck.
16:26 of 1st period - Shot by Vladimir Tarasenko.
16:26 of 1st period - Shot Misses the Net.
16:37 of 1st period - Sam Reinhart is hit by Ryan McDonagh and loses puck.
16:40 of 1st period - Shot by Sam Reinhart.
16:40 of 1st period - Stopped by Jaroslav Halak with a rebound.
16:42 of 1st period - Shot by Noah Hanifin.
16:42 of 1st period - Goal by Noah Hanifin - LOS ANGELES : 1 - VEGAS : 1.
16:43 of 1st period - Jonathan Marchessault wins face-off versus Jonathan Toews in neutral zone.
16:48 of 1st period - Shot by Ondrej Kase.
16:48 of 1st period - Stopped by Jaroslav Halak without a rebound.
16:49 of 1st period - Jonathan Toews wins face-off versus Jonathan Marchessault in LOS ANGELES zone.
17:20 of 1st period - Zdeno Chara is hit by Ondrej Kase and loses puck.
17:27 of 1st period - Shot by Josh Anderson.
17:27 of 1st period - Deflect By Jonathan Marchessault.
17:27 of 1st period - Shot Misses the Net.
19:48 of 1st period - Shot by Colin Wilson.
19:48 of 1st period - Stopped by Jaroslav Halak without a rebound.
19:49 of 1st period - Jonathan Marchessault wins face-off versus Jonathan Toews in LOS ANGELES zone.
Goals for this period are 1 for LOS ANGELES vs 1 for VEGAS.
Shots for this period are 15 for LOS ANGELES vs 8 for VEGAS.

2nd period


0:01 of 2nd period - Mika Zibanejad wins face-off versus Sam Reinhart in neutral zone.
0:01 of 2nd period - Mika Zibanejad is hit by Nikita Zadorov.
0:17 of 2nd period - Shot by Mika Zibanejad.
0:17 of 2nd period - Stopped by Tristan Jarry without a rebound.
0:18 of 2nd period - Jonathan Marchessault wins face-off versus Jonathan Toews in VEGAS zone.
0:18 of 2nd period - Jonathan Marchessault is hit by Nick Bonino.
0:36 of 2nd period - Shot by Mike Hoffman.
0:36 of 2nd period - Shot Misses the Net.
1:34 of 2nd period - Shot by Vladimir Tarasenko.
1:34 of 2nd period - Stopped by Jaroslav Halak with a rebound.
1:36 of 2nd period - Shot by Oliver Bjorkstrand.
1:36 of 2nd period - Shot Misses the Net.
2:01 of 2nd period - Icing by Slater Koekkoek.
2:02 of 2nd period - Cody Glass wins face-off versus Mika Zibanejad in VEGAS zone.
3:12 of 2nd period - Icing by Vladislav Namestnikov.
3:13 of 2nd period - Travis Zajac wins face-off versus Sam Reinhart in LOS ANGELES zone.
3:40 of 2nd period - Shot by Sam Reinhart.
3:40 of 2nd period - Shot Misses the Net.
3:56 of 2nd period - Devon Toews is hit by Nick Cousins and loses puck.
4:07 of 2nd period - Shot by Tim Heed.
4:07 of 2nd period - Stopped by Tristan Jarry without a rebound.
4:08 of 2nd period - Mika Zibanejad wins face-off versus Jonathan Marchessault in VEGAS zone.
5:26 of 2nd period - Shot by Morgan Frost.
5:26 of 2nd period - Shot Blocked by Nick Bonino.
6:20 of 2nd period - Vladimir Tarasenko is hit by Vladislav Namestnikov.
6:31 of 2nd period - Shot by Josh Manson.
6:31 of 2nd period - Stopped by Tristan Jarry without a rebound.
6:32 of 2nd period - Jayce Hawryluk wins face-off versus Mika Zibanejad in VEGAS zone.
7:11 of 2nd period - Shot by Tyler Seguin.
7:11 of 2nd period - Deflect By Mika Zibanejad.
7:11 of 2nd period - Shot Misses the Net.
7:13 of 2nd period - Shot by Alex Goligoski.
7:13 of 2nd period - Stopped by Tristan Jarry without a rebound.
7:14 of 2nd period - Vladimir Tarasenko wins face-off versus Travis Zajac in VEGAS zone.
7:18 of 2nd period - Off-side.
7:19 of 2nd period - Sam Reinhart wins face-off versus Travis Zajac in neutral zone.
7:21 of 2nd period - Off-side.
7:22 of 2nd period - Travis Zajac wins face-off versus Sam Reinhart in neutral zone.
7:35 of 2nd period - Artem Anisimov is hit by Nikita Zadorov.
7:52 of 2nd period - Icing by Johnny Boychuk.
7:53 of 2nd period - Travis Zajac wins face-off versus Jonathan Marchessault in LOS ANGELES zone.
7:58 of 2nd period - Jake Muzzin is hit by Vladislav Namestnikov.
8:18 of 2nd period - Shot by Jonathan Marchessault.
8:18 of 2nd period - Shot Blocked by Johnny Boychuk.
9:10 of 2nd period - Shot by Sam Reinhart.
9:10 of 2nd period - Deflect By Vladimir Tarasenko.
9:10 of 2nd period - Stopped by Jaroslav Halak with a rebound.
9:15 of 2nd period - Kris Letang is hit by Nikita Zadorov and loses puck.
9:30 of 2nd period - Jonathan Toews is hit by Nikita Zadorov and loses puck.
9:37 of 2nd period - Shot by Nick Bonino.
9:37 of 2nd period - Stopped by Tristan Jarry with a rebound.
9:39 of 2nd period - Shot by Alex Goligoski.
9:39 of 2nd period - Shot Misses the Net.
9:43 of 2nd period - Shot by Nick Bonino.
9:43 of 2nd period - Shot Blocked by Nikita Zadorov.
9:47 of 2nd period - Shot by Jonathan Toews.
9:47 of 2nd period - Shot Misses the Net.
9:49 of 2nd period - Shot by Nick Bonino.
9:49 of 2nd period - Shot Misses the Net.
9:51 of 2nd period - Shot by Mike Hoffman.
9:51 of 2nd period - Shot Blocked by Devon Toews.
9:53 of 2nd period - Shot by Mike Hoffman.
9:53 of 2nd period - Shot Hit the Post.
9:57 of 2nd period - Shot by Jonathan Toews.
9:57 of 2nd period - Stopped by Tristan Jarry without a rebound.
9:58 of 2nd period - Riley Nash wins face-off versus Cody Glass in VEGAS zone.
10:09 of 2nd period - Shot by Gabriel Bourque.
10:09 of 2nd period - Stopped by Tristan Jarry without a rebound.
10:10 of 2nd period - Riley Nash wins face-off versus Jayce Hawryluk in VEGAS zone.
10:27 of 2nd period - Jake Muzzin is hit by Gabriel Bourque and loses puck.
11:07 of 2nd period - Ondrej Kase is hit by Kris Letang and loses puck.
11:43 of 2nd period - Shot by Mika Zibanejad.
11:43 of 2nd period - Stopped by Tristan Jarry without a rebound.
11:44 of 2nd period - Jonathan Toews wins face-off versus Sam Reinhart in VEGAS zone.
11:58 of 2nd period - Icing by Nikita Zadorov.
11:59 of 2nd period - Travis Zajac wins face-off versus Sam Reinhart in VEGAS zone.
12:02 of 2nd period - Shot by Vladislav Namestnikov.
12:02 of 2nd period - Shot Misses the Net.
12:15 of 2nd period - Oliver Bjorkstrand is hit by Vladislav Namestnikov and loses puck.
12:21 of 2nd period - Vladislav Namestnikov is hit by Vladimir Tarasenko and loses puck.
12:43 of 2nd period - Sam Reinhart is hit by Vladislav Namestnikov and loses puck.
12:56 of 2nd period - Minor Penalty to Nikita Zadorov for Hooking.
12:57 of 2nd period - Mika Zibanejad wins face-off versus Max Comtois in VEGAS zone.
13:02 of 2nd period - Shot by Tyler Seguin.
13:02 of 2nd period - Shot Misses the Net.
13:04 of 2nd period - Shot by Matthew Tkachuk.
13:04 of 2nd period - Stopped by Tristan Jarry with a rebound.
13:17 of 2nd period - Shot by Kris Letang.
13:17 of 2nd period - Shot Misses the Net.
13:19 of 2nd period - Shot by Tyler Seguin.
13:19 of 2nd period - Stopped by Tristan Jarry without a rebound.
13:20 of 2nd period - Mike Hoffman wins face-off versus Josh Anderson in VEGAS zone.
13:21 of 2nd period - Shot by Jonathan Toews.
13:21 of 2nd period - Shot Blocked by Jake Muzzin.
13:39 of 2nd period - Jake Muzzin is hit by Jonathan Toews and loses puck.
14:08 of 2nd period - Slater Koekkoek is hit by Matthew Tkachuk and loses puck.
14:13 of 2nd period - Shot by Mika Zibanejad.
14:13 of 2nd period - Stopped by Tristan Jarry without a rebound.
14:14 of 2nd period - Mika Zibanejad wins face-off versus Sam Reinhart in VEGAS zone.
14:33 of 2nd period - Shot by Tyler Seguin.
14:33 of 2nd period - Stopped by Tristan Jarry without a rebound.
14:34 of 2nd period - Jonathan Marchessault wins face-off versus Mika Zibanejad in VEGAS zone.
15:23 of 2nd period - Shot by Vladislav Namestnikov.
15:23 of 2nd period - Shot Misses the Net.
15:45 of 2nd period - Shot by Alex Goligoski.
15:45 of 2nd period - Shot Blocked by Braydon Coburn.
15:47 of 2nd period - Shot by Zdeno Chara.
15:47 of 2nd period - The goal is going for a video replay.
15:47 of 2nd period - The goal is good.
15:47 of 2nd period - Goal by Zdeno Chara - LOS ANGELES : 2 - VEGAS : 1.
15:48 of 2nd period - Cody Glass wins face-off versus Jonathan Toews in neutral zone.
16:10 of 2nd period - Off-side.
16:11 of 2nd period - Oliver Bjorkstrand wins face-off versus Mika Zibanejad in neutral zone.
16:14 of 2nd period - Mika Zibanejad is hit by Sam Reinhart and loses puck.
16:21 of 2nd period - Shot by Matthew Tkachuk.
16:21 of 2nd period - Shot Misses the Net.
16:34 of 2nd period - Icing by Nikita Zadorov.
16:35 of 2nd period - Jonathan Toews wins face-off versus Sam Reinhart in VEGAS zone.
16:48 of 2nd period - Shot by Nick Bonino.
16:48 of 2nd period - Stopped by Tristan Jarry without a rebound.
16:49 of 2nd period - Mika Zibanejad wins face-off versus Cody Glass in VEGAS zone.
17:10 of 2nd period - Shot by Kris Letang.
17:10 of 2nd period - Shot Misses the Net.
17:12 of 2nd period - Shot by Ryan McDonagh.
17:12 of 2nd period - Stopped by Tristan Jarry without a rebound.
17:13 of 2nd period - Jonathan Toews wins face-off versus Jonathan Marchessault in VEGAS zone.
17:13 of 2nd period - Mike Hoffman is hit by Slater Koekkoek.
17:25 of 2nd period - Shot by Nick Bonino.
17:25 of 2nd period - Stopped by Tristan Jarry without a rebound.
17:26 of 2nd period - Vladimir Tarasenko wins face-off versus Mika Zibanejad in VEGAS zone.
17:34 of 2nd period - Vladimir Tarasenko is hit by Tyler Seguin and loses puck.
17:44 of 2nd period - Shot by Mika Zibanejad.
17:44 of 2nd period - Stopped by Tristan Jarry without a rebound.
17:45 of 2nd period - Jonathan Toews wins face-off versus Jonathan Marchessault in VEGAS zone.
17:54 of 2nd period - Shot by Jonathan Marchessault.
17:54 of 2nd period - Shot Blocked by Nick Bonino.
17:57 of 2nd period - Minor Penalty to Zdeno Chara for Tripping.
17:58 of 2nd period - Mika Zibanejad wins face-off versus Sam Reinhart in LOS ANGELES zone.
18:19 of 2nd period - Shot by Jake Muzzin.
18:19 of 2nd period - Shot Misses the Net.
18:43 of 2nd period - Sam Reinhart is hit by Jonathan Toews and loses puck.
19:11 of 2nd period - Icing by Devon Toews.
19:12 of 2nd period - Jonathan Marchessault wins face-off versus Tyler Seguin in VEGAS zone.
19:12 of 2nd period - Jonathan Marchessault is hit by Tyler Seguin.
19:51 of 2nd period - Icing by Devon Toews.
19:52 of 2nd period - Mika Zibanejad wins face-off versus Ondrej Kase in VEGAS zone.
Goals for this period are 1 for LOS ANGELES vs 0 for VEGAS.
Shots for this period are 17 for LOS ANGELES vs 2 for VEGAS.

3rd period


0:01 of 3rd period - Mika Zibanejad wins face-off versus Sam Reinhart in neutral zone.
0:24 of 3rd period - Icing by Ryan McDonagh.
0:25 of 3rd period - Jonathan Marchessault wins face-off versus Tyler Seguin in LOS ANGELES zone.
0:37 of 3rd period - Icing by Nikita Zadorov.
0:38 of 3rd period - Jonathan Toews wins face-off versus Jonathan Marchessault in VEGAS zone.
0:38 of 3rd period - Alex Goligoski is hit by Nikita Zadorov and loses puck.
0:55 of 3rd period - Shot by Mike Hoffman.
0:55 of 3rd period - Shot Misses the Net.
0:57 of 3rd period - Shot by Zdeno Chara.
0:57 of 3rd period - Stopped by Tristan Jarry with a rebound.
0:59 of 3rd period - Shot by Jonathan Toews.
0:59 of 3rd period - Shot Misses the Net.
1:01 of 3rd period - Shot by Jonathan Toews.
1:01 of 3rd period - Goal by Jonathan Toews - LOS ANGELES : 3 - VEGAS : 1.
1:02 of 3rd period - Travis Zajac wins face-off versus Sam Reinhart in neutral zone.
1:18 of 3rd period - Ryan McDonagh is hit by Oliver Bjorkstrand and loses puck.
1:29 of 3rd period - Shot by Oliver Bjorkstrand.
1:29 of 3rd period - Stopped by Jaroslav Halak without a rebound.
1:30 of 3rd period - Cody Glass wins face-off versus Mika Zibanejad in LOS ANGELES zone.
2:52 of 3rd period - Vladimir Tarasenko is hit by Kris Letang and loses puck.
3:15 of 3rd period - Off-side.
3:16 of 3rd period - Riley Nash wins face-off versus Ondrej Kase in neutral zone.
3:16 of 3rd period - Alex Goligoski is hit by Jonathan Marchessault and loses puck.
4:04 of 3rd period - Off-side.
4:05 of 3rd period - Cody Glass wins face-off versus Mika Zibanejad in neutral zone.
4:33 of 3rd period - Cody Glass is hit by Kris Letang and loses puck.
4:44 of 3rd period - Shot by Mika Zibanejad.
4:44 of 3rd period - Stopped by Tristan Jarry without a rebound.
4:45 of 3rd period - Jonathan Toews wins face-off versus Sam Reinhart in VEGAS zone.
5:00 of 3rd period - Shot by Vladimir Tarasenko.
5:00 of 3rd period - Shot Misses the Net.
5:31 of 3rd period - Icing by Jake Muzzin.
5:32 of 3rd period - Travis Zajac wins face-off versus Vladimir Tarasenko in VEGAS zone.
6:02 of 3rd period - Icing by Jake Muzzin.
6:03 of 3rd period - Sam Reinhart wins face-off versus Mika Zibanejad in VEGAS zone.
6:25 of 3rd period - Shot by Ondrej Kase.
6:25 of 3rd period - Shot Misses the Net.
6:32 of 3rd period - Icing by Tyler Seguin.
6:33 of 3rd period - Cody Glass wins face-off versus Mika Zibanejad in LOS ANGELES zone.
6:34 of 3rd period - Shot by Morgan Frost.
6:34 of 3rd period - Shot Misses the Net.
6:36 of 3rd period - Shot by Cody Glass.
6:36 of 3rd period - Goal by Cody Glass - LOS ANGELES : 3 - VEGAS : 2.
6:37 of 3rd period - Jonathan Toews wins face-off versus Cody Glass in neutral zone.
6:51 of 3rd period - Shot by Jonathan Toews.
6:51 of 3rd period - Shot Blocked by Braydon Coburn.
6:53 of 3rd period - Shot by Mike Hoffman.
6:53 of 3rd period - Deflect By Jonathan Toews.
6:53 of 3rd period - Shot Misses the Net.
6:58 of 3rd period - Jonathan Toews is hit by Slater Koekkoek and loses puck.
7:30 of 3rd period - Tyler Seguin is hit by Braydon Coburn and loses puck.
7:31 of 3rd period - Minor Penalty to Slater Koekkoek for Roughing.
7:32 of 3rd period - Sam Reinhart wins face-off versus Mika Zibanejad in VEGAS zone.
8:07 of 3rd period - Shot by Matthew Tkachuk.
8:07 of 3rd period - Shot Misses the Net.
8:09 of 3rd period - Shot by Zdeno Chara.
8:09 of 3rd period - Stopped by Tristan Jarry without a rebound.
8:10 of 3rd period - Jonathan Marchessault wins face-off versus Jonathan Toews in VEGAS zone.
8:29 of 3rd period - Shot by Jonathan Toews.
8:29 of 3rd period - Shot Blocked by Devon Toews.
8:31 of 3rd period - Shot by Ryan McDonagh.
8:31 of 3rd period - Stopped by Tristan Jarry without a rebound.
8:32 of 3rd period - Matthew Tkachuk wins face-off versus Jonathan Marchessault in VEGAS zone.
9:58 of 3rd period - Shot by Morgan Frost.
9:58 of 3rd period - Stopped by Jaroslav Halak without a rebound.
9:59 of 3rd period - Riley Nash wins face-off versus Jayce Hawryluk in LOS ANGELES zone.
11:12 of 3rd period - Shot by Max Comtois.
11:12 of 3rd period - Shot Misses the Net.
11:38 of 3rd period - Shot by Tyler Seguin.
11:38 of 3rd period - Stopped by Tristan Jarry without a rebound.
11:39 of 3rd period - Mike Hoffman wins face-off versus Sam Reinhart in VEGAS zone.
11:52 of 3rd period - Shot by Nick Bonino.
11:52 of 3rd period - Shot Blocked by Braydon Coburn.
11:54 of 3rd period - Shot by Nick Bonino.
11:54 of 3rd period - Stopped by Tristan Jarry without a rebound.
11:55 of 3rd period - Jonathan Marchessault wins face-off versus Artem Anisimov in VEGAS zone.
11:55 of 3rd period - Jonathan Marchessault is hit by Travis Zajac.
12:06 of 3rd period - Icing by Kris Letang.
12:07 of 3rd period - Sam Reinhart wins face-off versus Travis Zajac in LOS ANGELES zone.
12:08 of 3rd period - Shot by Vladimir Tarasenko.
12:08 of 3rd period - Goal by Vladimir Tarasenko - LOS ANGELES : 3 - VEGAS : 3.
12:09 of 3rd period - Mika Zibanejad wins face-off versus Sam Reinhart in neutral zone.
12:11 of 3rd period - Alex Goligoski is hit by Jake Muzzin and loses puck.
12:14 of 3rd period - Shot by Mika Zibanejad.
12:14 of 3rd period - Shot Misses the Net.
12:16 of 3rd period - Shot by Zdeno Chara.
12:16 of 3rd period - Stopped by Tristan Jarry without a rebound.
12:17 of 3rd period - Mika Zibanejad wins face-off versus Sam Reinhart in VEGAS zone.
13:02 of 3rd period - Icing by Noah Hanifin.
13:03 of 3rd period - Nick Bonino wins face-off versus Sam Reinhart in VEGAS zone.
13:55 of 3rd period - Shot by Ondrej Kase.
13:55 of 3rd period - Shot Misses the Net.
13:57 of 3rd period - Shot by Devon Toews.
13:57 of 3rd period - Stopped by Jaroslav Halak with a rebound.
14:02 of 3rd period - Icing by Josh Manson.
14:03 of 3rd period - Cody Glass wins face-off versus Travis Zajac in LOS ANGELES zone.
14:08 of 3rd period - Shot by Morgan Frost.
14:08 of 3rd period - Stopped by Jaroslav Halak without a rebound.
14:09 of 3rd period - Mika Zibanejad wins face-off versus Cody Glass in LOS ANGELES zone.
14:09 of 3rd period - Mika Zibanejad is hit by Max Comtois.
14:12 of 3rd period - Icing by Ryan McDonagh.
14:13 of 3rd period - Cody Glass wins face-off versus Mika Zibanejad in LOS ANGELES zone.
14:13 of 3rd period - Cody Glass is hit by Kris Letang.
14:16 of 3rd period - Max Comtois is hit by Kris Letang and loses puck.
14:41 of 3rd period - Minor Penalty to Slater Koekkoek for Tripping.
14:42 of 3rd period - Sam Reinhart wins face-off versus Nick Bonino in VEGAS zone.
14:57 of 3rd period - Shot by Jonathan Toews.
14:57 of 3rd period - Stopped by Tristan Jarry without a rebound.
14:58 of 3rd period - Mika Zibanejad wins face-off versus Sam Reinhart in VEGAS zone.
15:09 of 3rd period - Shot by Kris Letang.
15:09 of 3rd period - Stopped by Tristan Jarry without a rebound.
15:10 of 3rd period - Jonathan Toews wins face-off versus Sam Reinhart in VEGAS zone.
15:15 of 3rd period - Shot by Mike Hoffman.
15:15 of 3rd period - Shot Blocked by Jake Muzzin.
15:31 of 3rd period - Shot by Nick Bonino.
15:31 of 3rd period - Goal by Nick Bonino - LOS ANGELES : 4 - VEGAS : 3.
15:32 of 3rd period - Mika Zibanejad wins face-off versus Cody Glass in neutral zone.
15:32 of 3rd period - Matthew Tkachuk is hit by Max Comtois and loses puck.
15:39 of 3rd period - Shot by Max Comtois.
15:39 of 3rd period - Shot Misses the Net.
16:03 of 3rd period - Shot by Tyler Seguin.
16:03 of 3rd period - Stopped by Tristan Jarry without a rebound.
16:04 of 3rd period - Jonathan Toews wins face-off versus Sam Reinhart in VEGAS zone.
16:39 of 3rd period - Shot by Sam Reinhart.
16:39 of 3rd period - Stopped by Jaroslav Halak without a rebound.
16:40 of 3rd period - Mika Zibanejad wins face-off versus Jonathan Marchessault in LOS ANGELES zone.
16:59 of 3rd period - Shot by Mika Zibanejad.
16:59 of 3rd period - Shot Blocked by Ondrej Kase.
17:01 of 3rd period - Shot by Johnny Boychuk.
17:01 of 3rd period - Stopped by Tristan Jarry with a rebound.
17:03 of 3rd period - Shot by Mika Zibanejad.
17:03 of 3rd period - Goal by Mika Zibanejad - LOS ANGELES : 5 - VEGAS : 3.
17:04 of 3rd period - Artem Anisimov wins face-off versus Cody Glass in neutral zone.
17:13 of 3rd period - Shot by Vladislav Namestnikov.
17:13 of 3rd period - Stopped by Tristan Jarry without a rebound.
17:14 of 3rd period - Jonathan Toews wins face-off versus Oliver Bjorkstrand in VEGAS zone.
17:18 of 3rd period - Icing by Devon Toews.
17:19 of 3rd period - Sam Reinhart wins face-off versus Mika Zibanejad in VEGAS zone.
17:26 of 3rd period - Shot by Sam Reinhart.
17:26 of 3rd period - Stopped by Jaroslav Halak without a rebound.
17:27 of 3rd period - Jonathan Marchessault wins face-off versus Jonathan Toews in LOS ANGELES zone.
17:42 of 3rd period - Shot by Ondrej Kase.
17:42 of 3rd period - Shot Misses the Net.
17:44 of 3rd period - Shot by Jake Muzzin.
17:44 of 3rd period - Stopped by Jaroslav Halak without a rebound.
17:45 of 3rd period - Travis Zajac wins face-off versus Sam Reinhart in LOS ANGELES zone.
17:45 of 3rd period - Travis Zajac is hit by Oliver Bjorkstrand.
17:48 of 3rd period - Vladislav Namestnikov is hit by Sam Reinhart and loses puck.
18:10 of 3rd period - Artem Anisimov is hit by Nikita Zadorov and loses puck.
19:06 of 3rd period - Shot by Ondrej Kase.
19:06 of 3rd period - Stopped by Jaroslav Halak with a rebound.
19:08 of 3rd period - Shot by Jake Muzzin.
19:08 of 3rd period - Shot Misses the Net.
19:10 of 3rd period - Shot by Josh Anderson.
19:10 of 3rd period - Stopped by Jaroslav Halak without a rebound.
19:11 of 3rd period - Jonathan Toews wins face-off versus Cody Glass in LOS ANGELES zone.
Goals for this period are 3 for LOS ANGELES vs 2 for VEGAS.
Shots for this period are 15 for LOS ANGELES vs 11 for VEGAS.